 Dungeon Crawl Stone Soup version 0.31-a0-486-g8d68a81214 (webtiles) character file.

Game seed: 6123519006197456633

11239 avis the Spry (level 11, -6/52 HPs)
             Began as a Felid Shapeshifter on Aug 7, 2023.
             Was an Initiate of Gozag.
             Succumbed to something's dark miasma
             ... on level 11 of the Dungeon.
             The game lasted 01:23:30 (12735 turns).

avis the Spry (Felid Shapeshifter)                 Turns: 12735, Time: 01:23:30

Health: -6/52      AC:  3    Str: 15    XL:     11   Next: 46%
Magic:  12/12      EV: 33    Int: 17    God:    Gozag
Gold:   326        SH:  0    Dex: 20    Spells: 10/10 levels left
                                        Lives:  0   Deaths: 3

rFire   . .          .
                       - Unarmed
rCold   + . .        (shield unavailable)
rNeg    . . .        (body armour unavailable)
rPois   .            (helmet unavailable)
rElec   .            (cloak unavailable)
rCorr   +            (gloves unavailable)
SInv    +            (boots unavailable)
Will    +....        m - amulet of regeneration
Stlth   ++++         D - +6 ring of intelligence
HPRegen 1.08/turn    F - ring of Lobof {rCorr Str+4 Stlth+}
MPRegen 0.13/turn

%: no passive effects
@: lethally poisoned (-6 -> -49), beast-form, slowed, slow
A: beast (slay +7), very small, claws 1, fangs 3, see invisible, speed 1, shaggy
fur 3, stealthy paws, no weapons or thrown items, no armour, multi-lived
a: Begin Untransformation, Renounce Religion, Potion Petition, Call Merchant,
Bribe Branch


You were on level 11 of the Dungeon.
You worshipped Gozag.
Gozag was aware of your devotion.
You were a hulking beast.
You visited 3 branches of the dungeon, and saw 13 of its levels.

You collected 2364 gold pieces.
You spent 496 gold pieces at shops.
You paid 1542 gold pieces to Gozag.

Inventory:

Jewellery
 m - an amulet of regeneration (around neck)
 n - an amulet of magic regeneration
 q - an amulet of reflection
 D - a +6 ring of intelligence (left paw)
 F - the ring of Lobof (right paw) {rCorr Str+4 Stlth+}
   (You bought it in a shop on level 3 of the Dungeon)

   [ring of resist corrosion]

   Str:       It affects your strength (+4).
   rCorr:     It protects you from acid and corrosion.
   Stlth:     It makes you more stealthy.
Talismans
 b - a beast talisman (active)
 H - a maw talisman
Wands
 y - a wand of flame (18)
 A - a wand of polymorph (7)
 E - a wand of paralysis (2)
Scrolls
 a - 2 scrolls of vulnerability {unknown}
 e - 2 scrolls of poison {unknown}
 f - 3 scrolls of acquirement {unknown}
 g - a scroll of enchant armour {unknown}
 j - 3 scrolls of immolation {unknown}
 k - 4 scrolls of amnesia
 p - 2 scrolls of noise {unknown}
 s - 4 scrolls of teleportation
 u - 2 scrolls of blinking {unknown}
 x - 4 scrolls of revelation {unknown}
 B - 2 scrolls of brand weapon {unknown}
 C - 4 scrolls of fog
 G - a scroll of fear {unknown}
 K - a scroll of silence {unknown}
Potions
 c - a potion of haste
 d - a potion of cancellation {unknown}
 i - a potion of brilliance {unknown}
 l - 2 potions of enlightenment
 o - 2 potions of might {unknown}
 v - a potion of resistance {unknown}
 w - 2 potions of magic {unknown}
 z - 3 potions of curing
 J - a potion of mutation {unknown}
Miscellaneous
 I - a condenser vane


   Skills:
 + Level 8.6 Fighting
 + Level 17.7 Dodging
 - Level 4.0 Stealth
 * Level 10.3 Unarmed Combat
 - Level 2.0 Evocations
 - Level 10.0 Shapeshifting


You had 10 spell levels left.
You didn't know any spells.
Your spell library contained the following spells:

 Spells                   Type           Power      Damage    Failure   Level
 Freeze                   Ice            0%         1d3       24%         1
 Kiss of Death            Conj/Necr      0%         2d5       24%         1
 Necrotise                Necr           0%         1d4       24%         1
 Cigotuvi's Dreadful Rot  Necr/Pois/Air  0%         N/A       34%         2
 Call Canine Familiar     Summ           0%         N/A       56%         3
 Confusing Touch          Hex            0%         N/A       56%         3
 Dazzling Flash           Conj/Hex       0%         N/A       56%         3
 Frozen Ramparts          Ice            0%         1d1       56%         3
 Hailstorm                Conj/Ice       0%         3d3       56%         3
 Tukima's Dance           Hex            0%         N/A       56%         3
 Vampiric Draining        Necr           0%         2d6       56%         3
 Dispel Undead            Necr           0%         3d6       93%         4
 Iskenderun's Mystic Bla  Conj/Tloc      0%         2d3       93%         4
 Leda's Liquefaction      Hex/Erth       0%         N/A       93%         4
 Summon Lightning Spire   Summ/Air       0%         N/A       93%         4
 Agony                    Necr           0%         N/A       100%        5
 Lee's Rapid Deconstruct  Erth           0%         3d4*      100%        5
 Silence                  Hex/Air        0%         N/A       100%        5
 Death Channel            Necr           0%         N/A       100%        6
 Portal Projectile        Hex/Tloc       Unusable   N/A       N/A         3
 Animate Armour           Summ/Erth      Unusable   N/A       N/A         4

Dungeon Overview and Level Annotations

Branches:
Dungeon (11/15)            Temple (1/1) D:5            Lair (1/5) D:10
    Orc: D:9-12

Altars:
Ashenzari
Cheibriados
Dithmenos
Elyvilon
Fedhas
Gozag
Hepliaklqana
Kikubaaqudgha
Makhleb
Nemelex Xobeh
Okawaru
Qazlal
Ru
Sif Muna
Trog
Uskayaw
Vehumet
Wu Jian
Xom
Yredelemnul
Zin
The Shining One

Shops:
D:3 =

Annotations:
D:11 2 transporters, exclusion: oklob plant, otakuarchivist's ghost, novice SpHu


Innate Abilities, Weirdness & Mutations

You are a hulking beast.
Your limbs bulge with bestial killing power. (Slay +7)
You have sharp claws.
You have razor-sharp teeth.
You have supernaturally acute eyesight. (SInv)
You cover ground quickly. (Speed+)
Your thick and shaggy fur keeps you warm. (AC +3, rC+)
Your paws help you pounce on unaware monsters.
You are incapable of wielding weapons or throwing items.
You cannot wear armour.
You gain extra lives every three experience levels.


Message History

You scratch the boulder beetle.
The boulder beetle is severely wounded.
The boulder beetle barely misses you.
You completely miss the boulder beetle.
The boulder beetle is severely wounded.
The boulder beetle completely misses you.
You scratch the boulder beetle but do no damage.
You bite the boulder beetle, but do no damage.
The boulder beetle is severely wounded.
The boulder beetle completely misses you.
You completely miss the boulder beetle.
You bite the boulder beetle, but do no damage.
The boulder beetle is severely wounded.
You mangle the boulder beetle!!
You kill the boulder beetle!
You now have 310 gold pieces (gained 14).
You now have 326 gold pieces (gained 16).
You see here a +0 orcbow.
You see here a +2 vampiric scimitar.
You start resting.
HP restored.
You see here a +0 orcbow.
The centaur warrior shouts!
You hear a shout!
The death drake hisses angrily.
The death drake breathes miasma at you. The foul vapour engulfs you!
You are poisoned.
You are engulfed in dark miasma.
You are lethally poisoned!
You feel yourself slow down.
You feel extremely sick.
* * * LOW HITPOINT WARNING * * *
You feel extremely sick. The death drake breathes miasma at you.
The foul vapour misses you.
You are engulfed in dark miasma.
You are more poisoned.
You feel as though you will be slow longer.
* * * LOW HITPOINT WARNING * * *
You die...
Your body crumbles into a pile of gold.

#...# #.#
#<...........#
#...# #.#
#............#
#...# #.#
#...°........#
#...# #.#
#..k°.....[..#
#...# #.#
#°○○.........#
#...# #.#
#°°°.........#
#...# #.#
#°°°..>......#
#...#
#°####°°°.......
#...#
#°°°h°°°°.......
#####
################


There were no monsters in sight!

Vanquished Creatures
  Gastronok (D:10)
  2 boulder beetles
  3 death yaks (D:10)
  A two-headed ogre (D:8)
  Nergalle (D:10)
  A skeletal warrior (D:11)
  Pikel (D:7)
  An ugly thing (D:11)
  2 wolf spiders (Lair:1)
  2 cyclopes
  4 elephants (Lair:1)
  2 black mambas (Lair:1)
  3 cane toads (Lair:1)
  5 kobold demonologists
  A gargoyle (D:11)
  Maggie (D:7)
  An unseen horror (D:8)
  3 komodo dragons
  2 trolls
  A hornet (D:9)
  5 blink frogs
  11 yaks
  A wraith (D:10)
  A vampire (D:11)
  4 wyverns
  A slime creature (D:8)
  A shadow (D:11)
  A steam dragon (D:7)
  4 vampire mosquitoes
  5 water moccasins
  5 orc warriors
  5 ice beasts
  A sky beast (D:6)
  A black bear (D:4)
  2 centaurs
  12 wolves (Lair:1)
  A lemure (D:7)
  3 kobold brigands
  9 bullfrogs
  4 scorpions
  A wight (D:8)
  3 killer bees (D:9)
  An electric eel (D:10)
  7 howler monkeys
  3 jellies
  5 orc priests
  A sleepcap (D:5)
  2 gnoll boudas
  2 hounds
  An iron imp (D:10)
  2 iguanas
  6 orc wizards
  A hell rat (D:10)
  19 gnolls
  7 adders
  A shadow imp (D:6)
  An ufetubus (D:6)
  2 worms (D:2)
  A dart slug (D:5)
  32 orcs
  5 ball pythons
  4 bats
  5 endoplasms
  5 giant cockroaches
  7 goblins
  6 hobgoblins
  6 jackals
  13 kobolds
  4 quokkas
  2 frilled lizards
  A quokka zombie (D:3)
  10 rats
281 creatures vanquished.

Notes
Turn   | Place    | Note
-------+----------+-------------------------------------------
     0 | D:1      | avis the Felid Shapeshifter began the quest for the Orb.
     0 | D:1      | Reached XP level 1. HP: 9/9 MP: 2/2
    56 | D:1      | Reached skill level 3 in Dodging
   199 | D:1      | Reached skill level 1 in Stealth
   233 | D:1      | Reached XP level 2. HP: 12/12 MP: 3/3
   368 | D:1      | Found a faded altar of an unknown god.
   729 | D:2      | Reached skill level 4 in Dodging
  1012 | D:2      | Reached XP level 3. HP: 15/15 MP: 4/4
  1621 | D:2      | You fall into a shaft and drop 2 floors!
  1861 | D:3      | Found a stormy altar of Qazlal.
  1936 | D:2      | Reached XP level 4. HP: 19/19 MP: 5/5
  2003 | D:2      | Reached skill level 5 in Dodging
  2456 | D:3      | Found a hazy altar of Hepliaklqana.
  2640 | D:3      | Identified the +1 leather armour of the Griffon {-Tele +Inv
                  | rElec}
  2724 | D:3      | Found Wome Hut's Jewellery Shop.
  2858 | D:4      | Noticed a black bear
  2885 | D:3      | Mangled by a gnoll
  2886 | D:3      | Reached XP level 3. HP: -6/16 MP: 4/4
  3042 | D:4      | Found a white marble altar of Elyvilon.
  3047 | D:4      | Reached XP level 4. HP: 19/19 MP: 5/5
  3119 | D:4      | Killed a black bear
  3120 | D:4      | Reached skill level 6 in Dodging
  3120 | D:4      | Reached XP level 5. HP: 24/24 MP: 6/6
  3167 | D:4      | Reached skill level 7 in Dodging
  3531 | D:4      | Gained mutation: You are covered in thick fur. (AC +2)
                  | [Felid growth]
  3531 | D:4      | Reached XP level 6. HP: 21/28 MP: 7/7
  3557 | D:5      | Entered Level 5 of the Dungeon
  3708 | D:5      | Found a staircase to the Ecumenical Temple.
  3716 | Temple   | Entered the Ecumenical Temple
  3791 | Temple   | Became a worshipper of Gozag Ym Sagoz the Greedy
  3968 | D:5      | Noticed an ice beast
  4174 | D:5      | Reached skill level 8 in Dodging
  4232 | D:5      | Killed an ice beast
  4233 | D:5      | Reached XP level 7. HP: 31/31 MP: 8/8
  4363 | D:5      | Found a bloodstained altar of Trog.
  4378 | D:5      | Reached skill level 5 in Unarmed Combat
  4666 | D:5      | Reached skill level 9 in Dodging
  5528 | D:6      | Reached XP level 8. HP: 34/34 MP: 9/9
  5645 | D:6      | Reached skill level 10 in Dodging
  6311 | D:6      | Upgraded the game from 0.31-a0-473-g61b50ae490 to
                  | 0.31-a0-486-g8d68a81214
  6435 | D:7      | Noticed Maggie
  6453 | D:7      | Killed Maggie
  6596 | D:6      | Reached skill level 11 in Dodging
  6762 | D:7      | Reached XP level 9. HP: 33/37 MP: 10/10
  6781 | D:7      | Noticed Pikel
  6799 | D:7      | Killed Pikel
  7244 | D:8      | Noticed a cyclops
  7246 | D:8      | Reached skill level 12 in Dodging
  7320 | D:8      | Killed a cyclops
  7321 | D:8      | Reached skill level 10 in Unarmed Combat
  7545 | D:8      | Reached skill level 13 in Dodging
  7684 | D:8      | Reached XP level 10. HP: 27/42 MP: 11/11
  7701 | D:8      | Noticed a two-headed ogre
  7732 | D:8      | Killed a two-headed ogre
  7733 | D:8      | Reached skill level 14 in Dodging
  7796 | D:8      | Reached skill level 5 in Fighting
  8011 | D:8      | Reached skill level 5 in Shapeshifting
  8304 | D:3      | Bought the ring of Lobof {rCorr Str+4 Stlth+} for 496 gold
                  | pieces
  8867 | D:9      | Reached skill level 15 in Dodging
  9198 | D:9      | Reached XP level 11. HP: 47/47 MP: 12/12
  9391 | D:10     | Entered Level 10 of the Dungeon
  9595 | D:10     | Noticed a soul eater
  9755 | D:10     | Noticed Gastronok
  9758 | D:10     | Identified the +3 rapier of Destiny {vamp, Fly Str+2}
  9819 | D:10     | Found a radiant altar of Vehumet.
  9820 | D:10     | Found a shadowy altar of Dithmenos.
  9927 | D:10     | Noticed Nergalle
  9943 | D:10     | HP: 1/63 [spectral orc knight/+0 battleaxe[Nergalle] (5)]
  9943 | D:10     | Slain by a spectral orc knight
  9944 | D:10     | Reached XP level 10. HP: 0/55 MP: 11/11
 10135 | D:10     | Reached skill level 1 in Evocations
 10135 | D:10     | Noticed a death yak
 10137 | D:10     | Found a staircase to the Lair.
 10137 | D:10     | Noticed a death yak
 10143 | D:10     | Noticed a death yak
 10176 | D:10     | Killed a death yak
 10183 | D:10     | Killed a death yak
 10193 | D:10     | Killed a death yak
 10479 | D:10     | Killed Gastronok
 10480 | D:10     | Reached skill level 16 in Dodging
 10480 | D:10     | Reached XP level 11. HP: 47/47 MP: 12/12
 10571 | D:10     | Killed Nergalle
 10711 | Lair:1   | Entered Level 1 of the Lair of Beasts
 10889 | Lair:1   | Noticed a boulder beetle
 11075 | Lair:1   | Noticed a wolf spider
 11080 | Lair:1   | Noticed a wolf spider
 11218 | Lair:1   | Killed a wolf spider
 11219 | Lair:1   | Reached skill level 10 in Shapeshifting
 11283 | Lair:1   | Reached skill level 17 in Dodging
 11331 | Lair:1   | Killed a wolf spider
 11608 | Lair:1   | Killed a boulder beetle
 11609 | Lair:1   | Gained mutation: Your thick and shaggy fur keeps you warm.
                  | (AC +3, rC+) [Felid growth]
 11609 | Lair:1   | Reached XP level 12. HP: 39/54 MP: 13/13
 12044 | D:11     | Noticed a boulder beetle
 12076 | D:11     | HP: 2/55 [death drake] (8)]
 12076 | D:11     | Succumbed to a death drake's dark miasma
 12077 | D:11     | Reached XP level 11. HP: -3/51 MP: 12/12
 12405 | D:11     | Noticed an ogre mage
 12408 | D:11     | Noticed a red ugly thing
 12409 | D:11     | Noticed otakuarchivist's ghost (novice SpHu)
 12412 | D:11     | Found a transporter.
 12431 | D:11     | Noticed a green ugly thing
 12432 | D:11     | Noticed an oklob plant
 12437 | D:11     | Noticed a centaur warrior
 12444 | D:11     | Killed a green ugly thing
 12489 | D:11     | Found a transporter.
 12621 | D:11     | Noticed a skeletal warrior
 12627 | D:11     | Killed a skeletal warrior
 12675 | D:11     | Killed a boulder beetle
 12735 | D:11     | Succumbed to something's dark miasma

Illustrated notes

Levels and vault maps discovered:
D:1:      saegor_arrival_simple_c, layout_loops_ring,
          shapermc_ecumenical_altar_mp_ritualfount, serial_bayou_pond_c
D:2:      layout_basic, serial_co_window_serial, co_window_paths_a,
          co_window_corner_a, co_window_corner_a, co_window_paths_b,
          co_window_paths_a, co_window_paths_b, co_window_corner_a,
          co_window_cross_3, co_window_of_opportunity_c, co_window_cross_2,
          co_window_corner_ca, co_window_unsneaky_path_c,
          co_window_of_opportunity_b, co_window_cross_3, co_window_4corner_b,
          glass_columns_a, glass_columns_a
D:3:      layout_basic, mainiacjoe_overflow_surrounded_room,
          overflow_temple_1_default, serial_undead, serial_undead_c,
          serial_undead_e, serial_undead_a, serial_undead_c, serial_shops,
          nicolae_shop_trees
D:4:      layout_basic, elyvilon_altar_1
D:5:      layout_basic, bloody_trog, minmay_temple_entry_glassed_door
D:6:      layout_basic
D:7:      layout_rooms, uniq_maggie, uniq_pikel
D:8:      cheibrodos_fzero, layout_basic
D:9:      layout_loops_ring
D:10:     layout_basic, nicolae_overflow_squiral, dpeg_lair_monsters,
          minmay_holes, uniq_gastronok, uniq_nergalle
D:11:     minmay_angry_zag, layout_small_grid, nzn_ghost_randoct,
          item_on_display_a
Temple:   minmay_temple_bridge_d
Lair:1:   layout_layer_cave, nicolae_lair_run_with_the_wolves

Skill      XL: |  1  2  3  4  5  6  7  8  9 10 11 |
---------------+----------------------------------+-----
Dodging        | 3 4 6 7 8 9 11 13 16 17 | 17.7
Stealth        | 1 2 3 4 |  4.0
Fighting       | 2 3 5 8 |  8.6
Unarmed Combat | 4 5 8 10 | 10.3
Shapeshifting  | 8 10 | 10.0
Evocations     | 2 |  2.0

Action                     |  1- 3 |  4- 6 |  7- 9 | 10-12 || total
---------------------------+-------+-------+-------+-------++-------
  Melee: Unarmed           |    89 |   122 |   304 |   525 ||  1040
         Bite              |    10 |     8 |    26 |    78 ||   122
         Punch             |     2 |     3 |     9 |    38 ||    52
 Invoke: Potion Petition   |       |       |       |     4 ||     4
  Evoke: Wand              |       |       |       |    15 ||    15
    Use: Potion            |       |     2 |     2 |     9 ||    13
         Scroll            |       |     4 |     1 |     4 ||     9
   Stab: Sleeping          |     6 |     9 |     4 |    22 ||    41
         Distracted        |       |       |     1 |     1 ||     2
         Invisible         |       |       |       |     7 ||     7
 Armour: Skin              |     3 |    12 |     5 |    21 ||    41
  Dodge: Dodged            |    58 |    78 |   264 |   490 ||   890

Table legend: (Time is in decaauts)
 A = Elapsed time spent in this place.
 B = Non-inter-level travel time spent in this place.
 C = Inter-level travel time spent in this place.
 D = Time resting spent in this place.
 E = Time spent auto-exploring this place.
 F = Levels seen in this place.
 G = Mean time per level.
                   A        B        C        D        E       F      G
               +--------+--------+--------+--------+--------+-----+--------+
         Total |  10511 |   8952 |   1559 |    583 |   4445 |  13 |  808.5 |
       Dungeon |   9582 |   8268 |   1314 |    549 |   4281 |  11 |  871.1 |
        Temple |    120 |      8 |    112 |      0 |      0 |   1 |  120.0 |
          Lair |    808 |    676 |    132 |     34 |    164 |   1 |  808.0 |
               +--------+--------+--------+--------+--------+-----+--------+

Top non-repeatable levels by time:
    D:10: 1315 daAuts
     D:6: 1164 daAuts
     D:5: 1047 daAuts
     D:2: 1027 daAuts
     D:8: 973 daAuts
     D:3: 911 daAuts
     D:9: 815 daAuts
  Lair:1: 808 daAuts
     D:4: 714 daAuts
    D:11: 546 daAuts
     D:1: 540 daAuts
     D:7: 525 daAuts
  Temple: 120 daAuts
